 Dungeon Crawl Stone Soup version 0.15-a0-1995-g7e6aeab (webtiles) character file.

564 Quh the Magician (level 7, -1/38 HPs)
             Began as a Deep Elf Wizard on July 11, 2014.
             Was an Initiate of Vehumet.
             Killed by nerve-wracking pain
             ... invoked by Menkaure
              (7 damage)
             ... on Level 5 of the Dungeon.
             The game lasted 00:21:17 (5547 turns).

Quh the Magician (Deep Elf Wizard)                  Turns: 5547, Time: 00:21:17

HP  -1/38        AC  5     Str  4      XL: 7   Next: 10%
MP  17/23        EV 12     Int 25      God: Vehumet [......]
Gold 309         SH  0     Dex 13      Spells:  7 memorised,  2 levels left

rFire  . . .     SeeInvis +     G - +0 quarterstaff
rCold  . . .     Clarity  .     a - +0 robe
rNeg   + . .     rCorr    .     (no shield)
rPois  .         rRot     .     b - +0 hat
rElec  .         Spirit   .     t - +2 cloak
SustAb .         Warding  .     (no gloves)
rMut   .         Stasis   .     (no boots)
Gourm  .                        (no amulet)
MR     .....                    H - ring of see invisible
                                x - ring of positive energy

@: very slightly contaminated, not resistant to hostile enchantments, fairly
stealthy
A: no striking features
a: Renounce Religion


You were on level 5 of the Dungeon.
You worshipped Vehumet.
Vehumet was noncommittal.
You were very hungry.

You visited 2 branches of the dungeon, and saw 6 of its levels.

You collected 309 gold pieces.

Inventory:

Hand weapons
 G - a +0 quarterstaff (weapon)
Missiles
 n - 5 steel tomahawks (quivered)
 r - 19 arrows
Armour
 a - a +0 robe (worn)
 b - a +0 hat (worn)
 t - a +2 cloak (worn)
Magical devices
 C - a wand of cold (5) {unknown}
Comestibles
 d - 3 bread rations
 K - a slice of pizza
Scrolls
 e - a scroll of teleportation {unknown}
 f - 3 scrolls of remove curse
 g - a scroll of fear {unknown}
 k - 2 scrolls of blinking
 m - a scroll of noise {unknown}
 s - a scroll of enchant armour
 v - a scroll of identify
 w - a scroll of amnesia {unknown}
 A - 2 scrolls of random uselessness {unknown}
 D - a scroll of magic mapping {unknown}
Jewellery
 x - a ring of positive energy (left hand)
 H - a ring of see invisible (right hand)
Potions
 h - 3 potions of curing
 i - 2 potions of restore abilities
 j - 2 potions of brilliance
 l - 2 potions of cancellation
 p - a potion of flight
 q - a potion of porridge
 E - a potion of poison {unknown}
 F - a potion of heal wounds {unknown}
 I - a potion of resistance {unknown}
 J - a potion of mutation {unknown}
Books
 c - a book of Minor Magic

   Spells                             Type                      Level
   *Magic Dart                        Conjuration                  1
   *Blink                             Translocation                2
   *Call Imp                          Summoning                    2
   *Repel Missiles                    Charms/Air                   2
   *Slow                              Hexes                        2
   *Conjure Flame                     Conjuration/Fire             3
   *Mephitic Cloud                    Conjuration/Poison/Air       3


   Skills:
 + Level 1.4 Fighting
 - Level 2.4 Dodging
 * Level 5.0 Stealth
 - Level 5.6 Spellcasting
 * Level 5.4 Conjurations
 - Level 0.4 Charms
 - Level 2.0 Summonings
 - Level 1.8 Translocations
 - Level 1.5 Air Magic


You had 2 spell levels left.
You knew the following spells:

 Your Spells              Type           Power        Failure   Level  Hunger
a - Magic Dart            Conj           ####         1%          1    None
b - Blink                 Tloc           N/A          8%          2    None
c - Call Imp              Summ           ###.....     8%          2    None
d - Repel Missiles        Chrm/Air       ##....       10%         2    None
e - Mephitic Cloud        Conj/Pois/Air  ###.....     12%         3    #......
f - Slow                  Hex            #.......     14%         2    None
g - Conjure Flame         Conj/Fire      ###.....     10%         3    #......


Dungeon Overview and Level Annotations

Branches:
Dungeon (5/15)             Temple (1/1) D:5

Altars:
Cheibriados
Dithmenos
Elyvilon
Kikubaaqudgha
Makhleb
Nemelex Xobeh
Okawaru
Qazlal
Trog
Vehumet
The Shining One

Annotations:
D:5 Menkaure


Message History

Pain shoots through your body! Menkaure casts a spell at you.
Pain shoots through your body!
* * * LOW HITPOINT WARNING * * *
There is an open door here.
Casting: Call Imp
Confirm with . or Enter, or press ? or * to list all spells.
Aiming: Conjure Flame
Press: ? - help, Dir - move target cursor You miscast Conjure Flame.
You are very lightly contaminated with residual magic.
Strange energies run through your body.
Casting: Conjure Flame
Confirm with . or Enter, or press ? or * to list all spells.
Aiming: Conjure Flame
Press: ? - help, Dir - move target cursor The fire roars!
Menkaure points at you and mumbles some strange words.
Pain shoots through your body!
You die...

##.....+.>.#.....#
#..
.#####⌠.⌠#######
#.. ###'### #..
###.### #.. #.#
##.. #####.######
... #..........#
#.####.......####
#.@..§...........
######M......####
#.......#
#.......#
#..######.......#
......%.........#
#..######M......#
#...(....######.#
...#####.# .#


You could see Menkaure.

Vanquished Creatures
  A centaur (D:5)
  A scorpion (D:4)
  A goliath beetle (D:5)
  A jelly (D:5)
  3 orc priests
  3 orc wizards
  A hound skeleton (D:5)
  An adder (D:2)
  2 worms
  2 giant geckos
  2 oozes
  20 orcs
  3 ball pythons
  11 bats
  5 giant cockroaches (D:2)
  4 goblins
  8 hobgoblins
  6 jackals
  4 quokkas
  4 giant newts
  7 kobolds
  A quokka skeleton (D:4)
  14 rats
105 creatures vanquished.

Vanquished Creatures (collateral kills)
  2 orc priests (D:3)
  An adder (D:2)
  A worm (D:2)
  6 orcs (D:3)
  2 hobgoblins (D:3)
12 creatures vanquished.

Vanquished Creatures (others)
  A crimson imp (D:3)
  A shadow imp (D:5)
  A white imp (D:3)
3 creatures vanquished.

Grand Total: 120 creatures vanquished

Notes
Turn   | Place    | Note
--------------------------------------------------------------
     0 | D:1      | Quh, the Deep Elf Wizard, began the quest for the Orb.
     0 | D:1      | Reached XP level 1. HP: 10/10 MP: 6/6
   336 | D:1      | Reached XP level 2. HP: 9/15 MP: 0/9
   459 | D:1      | Learned a level 2 spell: Blink
   462 | D:1      | Learned a level 2 spell: Call Imp
   465 | D:1      | Learned a level 2 spell: Repel Missiles
   468 | D:1      | Learned a level 2 spell: Slow
  1420 | D:2      | Found a sparkling altar of Nemelex Xobeh.
  1660 | D:2      | Reached XP level 3. HP: 19/19 MP: 4/12
  2025 | D:2      | Reached skill level 1 in Air Magic
  2341 | D:3      | Reached XP level 4. HP: 20/24 MP: 10/15
  2905 | D:3      | Reached skill level 5 in Spellcasting
  2910 | D:3      | Learned a level 3 spell: Mephitic Cloud
  3112 | D:3      | Found a burning altar of Makhleb.
  3112 | D:3      | Noticed a green death
  3115 | D:3      | Noticed a neqoxec
  3115 | D:3      | Noticed a neqoxec
  3345 | D:3      | Reached XP level 5. HP: 17/28 MP: 10/19
  3686 | D:4      | Learned a level 3 spell: Conjure Flame
  3952 | D:4      | Found a snail-covered altar of Cheibriados.
  4241 | D:4      | Reached XP level 6. HP: 33/33 MP: 12/21
  4470 | D:5      | Entered Level 5 of the Dungeon
  4475 | D:5      | Noticed Menkaure
  4810 | D:5      | Reached skill level 1 in Fighting
  4810 | D:5      | Reached skill level 5 in Conjurations
  5105 | D:5      | Reached XP level 7. HP: 38/38 MP: 21/23
  5125 | D:5      | Found a staircase to the Ecumenical Temple.
  5193 | Temple   | Entered the Ecumenical Temple
  5329 | Temple   | Became a worshipper of Vehumet
  5402 | D:5      | Reached skill level 5 in Stealth
  5547 | D:5      | Killed from afar by Menkaure

Action                   |  1- 3 |  4- 6 |  7- 9 || total
-------------------------+-------+-------+-------++-------
Melee: Unarmed           |     8 |       |       ||     8
       Dagger            |       |     1 |       ||     1
       Quarterstaff      |       |       |     2 ||     2
 Cast: Magic Dart        |    82 |   150 |    13 ||   245
       Call Imp          |     8 |     5 |     1 ||    14
       Mephitic Cloud    |       |     9 |       ||     9
       Blink             |       |     1 |       ||     1
       Slow              |       |     1 |       ||     1
       Conjure Flame     |       |     2 |     5 ||     7
  Use: Scroll            |     1 |     3 |     5 ||     9
  Eat: Chunk             |     4 |     8 |     1 ||    13
